Cogmind - Beta 15 --- EXPLORER MODE // 2025.05.26 @ 07:23:39 Player: Wilfey Result: Destroyed by 8R-AWN with 8R-AWN's Boregun Performance ------------- Evolutions (0) 0 Regions Visited (3) 600 Robots Destroyed (17) 85 Value Destroyed (252) 252 Prototype IDs (0) 0 Alien Tech Used (0) 0 Bonus (-80) -80 TOTAL SCORE: 857 Bonus ------- Follower Combat Kills 7 Friendly Fire -87 Cogmind --------- Core Integrity 0/250 Matter 159/300 Energy 68/100 System Corruption 0% Temperature Hot (217) Movement Core (450) Ox8 Location -10/Exiles Parts ------- > --- POWER (1) -------- (None) > --- PROPULSION (2) --- (None) > --- UTILITY (3) ------ Large Storage Unit Targeting Computer > --- WEAPON (2) ------- Spread Laser Assault Rifle > --- INVENTORY (15) --- Ion Engine Improved Treads Improved Treads Improved Heat Sink High-capacity Matter Pod (200) Terrain Scanner Beam Rifle Beam Cannon Light Cannon Bore Cannon Rocket Launcher Mining Laser Peak State ------------ > --- POWER ------------ Ion Engine > --- PROPULSION ------- Improved Treads Improved Treads > --- UTILITY ---------- Large Storage Unit Targeting Computer ECM Suite > --- WEAPON ----------- Spread Laser Bore Cannon > --- INVENTORY -------- Ion Engine Improved Treads Improved Treads Improved Heat Sink High-capacity Matter Pod Terrain Scanner Light Armor Plating Beam Rifle Spread Laser Beam Cannon Assault Rifle Light Cannon Rocket Launcher Mining Laser [Rating: 17] Favorites ----------- Power Ion Engine Engine Ion Engine Propulsion Improved Treads Treads Improved Treads Utility Large Storage Unit Device ECM Suite Storage Large Storage Unit Processor Signal Interpreter Protection Light Armor Plating Weapon Spread Laser Energy Gun Spread Laser Energy Cannon Beam Cannon Ballistic Gun Assault Rifle Ballistic Cannon Light Cannon Special Weapon Mining Laser Build | -11 -10 -10 -10 ------- Run | Yrd Mat Min Exi Slots Evolved 1 | . 1 . . Power . | . . . . Propulsion . | . . . . Utility 1 | . 1 . . Weapon . | . . . . Parts Attached 23 | 7 13 2 1 Power 1 | 1 . . . Engine 1 | 1 . . . Core . | . . . . Reactor . | . . . . Propulsion 4 | 2 2 . . Treads 4 | 2 2 . . Leg . | . . . . Wheel . | . . . . Hover . | . . . . Flight . | . . . . Utility 9 | 2 5 1 1 Device 4 | 1 3 . . Storage 2 | 1 1 . . Processor 2 | . 1 1 . Hackware . | . . . . Protection 1 | . . . 1 Artifact . | . . . . Weapon 9 | 2 6 1 . Energy Gun 4 | 1 3 . . Energy Cannon 1 | . 1 . . Ballistic Gun 1 | 1 . . . Ballistic Cannon 2 | . 1 1 . Launcher . | . . . . Special Weapon 1 | . 1 . . Impact Weapon . | . . . . Slashing Weapon . | . . . . Piercing Weapon . | . . . . Special Melee Weapon . | . . . . Unidentified Prototypes . | . . . . Parts Lost 5 | . . . 5 Power 1 | . . . 1 Propulsion 2 | . . . 2 Utility 1 | . . . 1 Weapon 1 | . . . 1 Highest Loss Streak 5 | . . . 5 To Critical Strikes 3 | . . . 3 Average Backups 10 | . 7 14 13 Power . | . 1 1 1 Propulsion 1 | . . 2 2 Utility 3 | . 2 4 3 Weapon 5 | . 3 6 7 Tool/Special . | . . . . Unused Backups 14 | . 3 3 8 Power 2 | . 1 . 1 Propulsion 4 | . 2 . 2 Utility 4 | . . 2 2 Weapon 4 | . . 1 3 Tool/Special . | . . . . Average Slot Usage (%) 97 | . 95 100 93 Engine 11 | . 12 12 11 Treads 24 | . 25 25 22 Device 11 | . 11 12 7 Storage 12 | . 12 12 12 Processor 10 | . 8 12 12 Energy Gun 14 | . 7 23 12 Ballistic Gun 4 | . 9 . 1 Ballistic Cannon 4 | . 6 1 9 Peak Build Rating 17 | 7 13 17 17 Average Rating 11 | 5 9 13 15 On Entrance 9 | . 7 13 17 Naked Turns . | . . . . Heaviest Build 40 | 20 33 39 40 Greatest Support 46 | 40 46 46 46 Greatest Overweight (x) . | . . . . Average Overweight (x) . | . . . . Largest Inventory Capacity 15 | 10 15 15 15 Average Capacity 13 | 8 12 15 15 Most Carried 15 | 1 14 15 14 Average Carried 10 | . 7 14 13 Final Capacity 15 | 10 15 15 15 Final Carried 14 | 1 13 14 12 Class Distribution -------------------- 100% | Hacker-Mutant Dominant Class ---------------- Hacker-Mutant | -10/Materials Hacker-Mutant | -10/Mines Hacker-Mutant | -10/Exiles Resources | -11 -10 -10 -10 ----------- Run | Yrd Mat Min Exi Matter Collected 845 | 177 457 211 . Remotely . | . . . . Salvage Created 386 | . 301 67 18 Parts 30 | . 27 3 . Haulers Intercepted 2 | . 2 . . Recyclers Shooed . | . . . . Parts Field Recycled . | . . . . Retrieved Matter . | . . . . Parts Self-Destructed . | . . . . Prevented . | . . . . Kills | -11 -10 -10 -10 ------- Run | Yrd Mat Min Exi Combat Hostiles Destroyed 10 | . 6 2 2 Guns 7 | . 3 2 2 Cannons 3 | . 3 . . Classes Destroyed 9 | . 6 2 1 Worker 2 | . 2 . . Builder 1 | . . 1 . Tunneler 1 | . 1 . . Hauler 2 | . 2 . . Watcher 3 | . 3 . . Swarmer 5 | . 4 1 . Grunt 2 | . 2 . . Sentry 1 | . . 1 . Assembled 2 | . . . 2 Best Kill Streak 9 | . 9 1 1 Combat Bots Only 6 | . 6 1 1 Max Kills in Single Turn 2 | . 2 1 1 Gunslinging . | . . . . Exploded . | . . . . Melee . | . . . . Uniques/NPCs Destroyed . | . . . . Combat | -11 -10 -10 -10 -------- Run | Yrd Mat Min Exi Hostile Shots Fired 148 | . 42 1 105 Missed 23 | . 7 . 16 Hits 125 | . 35 1 89 Melee 8 | . . . 8 Projectile 117 | . 35 1 81 Critical Strikes 18 | . 1 . 17 Part Disruptions 1 | . . . 1 Damage Taken 1126 | . 221 10 895 Core 252 | . 36 3 213 Absorbed by Shields . | . . . . Ignored by Resistances 707 | . 154 8 545 Core Remaining (%) 100 | 100 . . . Volleys Fired 51 | . 26 3 22 Largest 2 | . 2 2 2 Hottest 130 | . 100 130 130 Shots Fired 89 | . 51 6 32 Gun 54 | . 25 6 23 Cannon 34 | . 25 . 9 Launcher . | . . . . Special 1 | . 1 . . Kinetic 69 | . 50 . 19 Thermal 20 | . 1 6 13 Explosive . | . . . . Electromagnetic . | . . . . Robot Hit Streak 33 | . 11 33 21 Robot Miss Streak 2 | . 2 2 1 Penetration Max . | . . . . Secondary Targets 1 | . . . 1 Max Gunslinging Chain 1 | . . . 1 Shots Hit Robots 69 | . 32 6 31 Core Hits 42 | . 18 15 9 Critical Kills . | . . . . Critical Parts Destroyed 2 | . 1 . 1 Critical Strikes 4 | . 1 . 3 Destroy 4 | . 1 . 3 Melee Attacks . | . . . . Impact . | . . . . Slashing . | . . . . Piercing . | . . . . Sneak Attacks . | . . . . Combat Hostiles . | . . . . Follow-up Attacks . | . . . . Damage Inflicted 1070 | . 538 141 391 Guns 519 | . 227 121 171 Cannons 515 | . 295 . 220 Explosions . | . . . . Melee . | . . . . Ramming 36 | . 16 20 . Kinetic 860 | . 522 . 338 Thermal 174 | . . 121 53 Explosive . | . . . . Electromagnetic . | . . . . Impact . | . . . . Slashing . | . . . . Piercing . | . . . . Highest Corruption . | . . . . Average Corruption . | . . . . Corruption Purged . | . . . . Corruption Blocked . | . . . . Overload Shots . | . . . . Overflow Damage . | . . . . Projectiles . | . . . . Explosions . | . . . . Melee . | . . . . Knockbacks 10 | . 6 . 4 Impact . | . . . . Kinetic 10 | . 6 . 4 Secondary . | . . . . Self-Inflicted Damage . | . . . . Shots . | . . . . Rammed 4 | . 3 1 . Targets Rammed 6 | . 4 2 . Kicked . | . . . . Crushed 2 | . 1 1 . Highest Temperature 562 | . 20 138 562 Average Temperature 196 | . 11 61 327 Received Heat Transfer 142 | . 96 6 40 Effects 6 | . . . 6 Shutdowns 2 | . . . 2 Matter Decay 1 | . . . 1 Short Circuit 2 | . . . 2 Damage (minor) 1 | . . . 1 Siege Activations . | . . . . Martial Activations . | . . . . Shielding Activations . | . . . . Robots Disrupted . | . . . . Combat Hostiles . | . . . . Robots Corrupted . | . . . . Combat Hostiles . | . . . . Parts Fried . | . . . . Impact Corruptions . | . . . . Robots Melted . | . . . . Combat Hostiles . | . . . . Parts Melted 1 | . . 1 . Heat Transferred 215 | . . 150 65 Parts Sabotaged . | . . . . Parts Stolen . | . . . . Parts Stripped . | . . . . Power Chain Reactions . | . . . . Alert | -11 -10 -10 -10 ------- Run | Yrd Mat Min Exi Maximum Alert Level . | . . . . Low Security (%) 100 | 100 100 100 . Level 1 . | . . . . Level 2 . | . . . . Level 3 . | . . . . Level 4 . | . . . . Level 5 . | . . . . High Security . | . . . . Max Security . | . . . . Peak Influence 137 | . 137 37 . Initial . | . . . . Average 7 | . 13 1 . Influence Increases 327 | . 249 78 . Destroy 0b10 Robot/C 180 | . 120 60 . Destroy 0b10 Robot/NC 45 | . 40 5 . Destroy Leader 50 | . 40 10 . Allied During Kill 3 | . . 3 . Successful Hack 28 | . 28 . . Disable Machine 4 | . 4 . . Destroy Structure 2 | . 2 . . Lose Combat Pursuer 15 | . 15 . . Influence Decreases 327 | . 249 78 . Time Decay 327 | . 249 78 . Squads Dispatched . | . . . . Investigation . | . . . . Extermination . | . . . . Reinforcement . | . . . . Assault . | . . . . Garrison . | . . . . Intercept . | . . . . Searches Triggered . | . . . . Construction Impeded . | . . . . Haulers Reinforced . | . . . . Active Scanning Responses . | . . . . Cargo Convoy Interrupts . | . . . . Stealth | -11 -10 -10 -10 --------- Run | Yrd Mat Min Exi Distress Signals 1 | . 1 . . Communications Jammed . | . . . . Distress Signals . | . . . . Times Spotted 26 | . 14 4 8 Peak Tracking Total 9 | . 7 2 9 Tactical Retreats 2 | . 1 1 . Traps | -11 -10 -10 -10 ------- Run | Yrd Mat Min Exi Traps Triggered 3 | . 3 . . Indirectly . | . . . . Trap Hack Attempts . | . . . . Triggered . | . . . . Disarmed . | . . . . Reprogrammed . | . . . . Reused . | . . . . Traps Extracted . | . . . . Installed . | . . . . Triggered . | . . . . Machines | -11 -10 -10 -10 ---------- Run | Yrd Mat Min Exi Machines Disabled 2 | . 1 . 1 Max in Single Turn 1 | . 1 . . Machines Repaired . | . . . . Machines Dismantled . | . . . . Machines Sabotaged . | . . . . Overloaded Fab Kills . | . . . . Hacking | -11 -10 -10 -10 --------- Run | Yrd Mat Min Exi Machines Accessed 8 | . 8 . . Terminals 8 | . 8 . . Fabricators . | . . . . Repair Stations . | . . . . Recycling Units . | . . . . Scanalyzers . | . . . . Garrison Access . | . . . . Total Hacks 27 | . 27 . . Successful 18 | . 18 . . Failed 9 | . 9 . . Catastrophic . | . . . . Database Lockouts . | . . . . Manual 27 | . 27 . . Terminals 27 | . 27 . . Fabricators . | . . . . Repair Stations . | . . . . Recycling Units . | . . . . Scanalyzers . | . . . . Garrison Access . | . . . . Terminal Hacks 10 | . 10 . . Robot Analysis 4 | . 4 . . Level Access Points 1 | . 1 . . Branch Access Points 1 | . 1 . . Terminal Index 1 | . 1 . . Locate Traps 3 | . 3 . . Fabricator Hacks . | . . . . Repair Station Hacks . | . . . . Recycling Unit Hacks . | . . . . Scanalyzer . | . . . . Garrison Access Hacks . | . . . . Unauthorized Hacks 8 | . 8 . . Terminals 8 | . 8 . . Botnet 8 | . 8 . . Fabricators . | . . . . Repair Stations . | . . . . Recycling Units . | . . . . Scanalyzers . | . . . . Garrison Access . | . . . . Data Cores Recovered . | . . . . Used . | . . . . Hacking Detections 8 | . 8 . . Full Trace Events . | . . . . Feedback Events . | . . . . Feedback Blocked . | . . . . Robot Schematics Acquired . | . . . . Robots Built . | . . . . Authchips . | . . . . Time . | . . . . Total Robot Build Rating . | . . . . Part Schematics Acquired . | . . . . Parts Built . | . . . . Authchips . | . . . . Time . | . . . . Total Part Build Rating . | . . . . Parts Repaired . | . . . . Time . | . . . . Parts Recycled . | . . . . Recycled Matter . | . . . . Retrieved Matter . | . . . . Retrieved Components . | . . . . Parts Scanalyzed . | . . . . Part Schematics Acquired . | . . . . Parts Damaged . | . . . . Bothacking | -11 -10 -10 -10 ------------ Run | Yrd Mat Min Exi Used RIF Installer . | . . . . Robots Hacked . | . . . . Non-combat . | . . . . Combat . | . . . . Robot Hacks Applied . | . . . . Relay Couplers Released . | . . . . Fabnet Peak Effective % . | . . . . Robots Rewired . | . . . . Allies Hacked . | . . . . Hacks Repelled . | . . . . Allies | -11 -10 -10 -10 -------- Run | Yrd Mat Min Exi Total Allies 3 | . . 3 . Largest Group 3 | . . 3 2 Highest-Rated Group 40 | . . 40 24 Highest-Rated Ally 16 | . . 16 16 Total Orders 3 | . . 3 . ROAM 1 | . . 1 . GUARD 2 | . . 2 . Ally Attacks 13 | . . 5 8 Total Damage 47 | . . 31 16 Kills 1 | . . 1 . Allies Corrupted . | . . . . Allies Melted . | . . . . Intel | -11 -10 -10 -10 ------- Run | Yrd Mat Min Exi Active Infowar (turns) 2998 | 45 1461 1407 85 Sensors 385 | . 385 . . Terrain 497 | 45 452 . . ECM 2116 | . 624 1407 85 Robot Analysis Total 4 | . 4 . . Derelict Logs Recovered . | . . . . Drone Launches . | . . . . Drone Recoveries . | . . . . Exploration | -11 -10 -10 -10 ------------- Run | Yrd Mat Min Exi Turns Passed 3128 | 92 1484 1407 145 Spaces Moved 1751 | 52 802 842 55 Core 1 | 1 . . . Treads 1750 | 51 802 842 55 Legs . | . . . . Wheels . | . . . . Hover . | . . . . Flight . | . . . . Fastest Speed 50 | 50 160 160 160 Average Speed 159 | 157 160 160 160 Slowest Speed 160 | 160 160 160 160 Overloaded Moves . | . . . . Propulsion Burnouts . | . . . . Robots Hopped . | . . . . Potential Cave-ins . | . . . . Cave-ins Triggered . | . . . . Exploration Rate (%) 53 | 4 98 99 12 Regions Visited 3 Branch Regions 2 Pre-discovered Areas . | . . . . Known Exits Taken 3 | 1 1 1 . Unknown Exits Taken . | . . . . Scrap Searched . | . . . . Spaces Dug . | . . . . Terrain Destroyed 1 | . . . 1 Melee . | . . . . Projectile 1 | . . . 1 AOE . | . . . . Terrain Rammed . | . . . . Walls Destroyed . | . . . . Machines Disabled . | . . . . Actions | -11 -10 -10 -10 --------- Run | Yrd Mat Min Exi Total 1984 | 59 947 896 82 Wait 114 | . 76 38 . Move 1748 | 51 801 841 55 Hop . | . . . . Pick Up 19 | 1 13 5 . Fast Attach 17 | 7 9 1 . Attach 2 | . . . 2 Detach 3 | . 3 . . Swap 8 | . 5 1 2 Drop 16 | . 10 5 1 Fire 51 | . 26 3 22 Melee . | . . . . Ram . | . . . . Kick . | . . . . Crush 6 | . 4 2 . Escape Stasis . | . . . . Rewire . | . . . . Trap . | . . . . Miscellaneous . | . . . . Route ------- -11/Scrapyard -10/Materials (discovered 5 exits: *Mat x3 / *Min / *Sub) -10/Mines (discovered 3 exits: *Mat x2 / *Exi) -10/Exiles (discovered 1 exit: *Min) History --------- Turn | Location | Event 7 | -11/Scrapyard | Identified exit to Materials 7 | -11/Scrapyard | Discovered exit to Materials (range 15) 93 | -11/Scrapyard | Entered Materials 93 | -10/Materials | Evolved 1 slot: Utility x1 94 | -10/Materials | Met a group of wandering Federalists 167 | -10/Materials | Identified exit to Subcaves 167 | -10/Materials | Discovered exit to Subcaves (range 3) 329 | -10/Materials | Build established: Hacker-Mutant 431 | -10/Materials | Identified exit to Mines 431 | -10/Materials | Discovered exit to Mines (range 8) 523 | -10/Materials | Identified exit to Materials 523 | -10/Materials | Discovered exit to Materials (range 12) 940 | -10/Materials | Discovered exit to Materials (range 7) 1577 | -10/Materials | Entered Mines 1589 | -10/Mines | Assisted by bots powering up and referring to "LRC-V3" 1982 | -10/Mines | Joined a pair of Derelicts in attacking an 0b10 outpost 2139 | -10/Mines | Discovered exit to Materials (range 15) 2203 | -10/Mines | Discovered exit to Materials (range 8) 2349 | -10/Mines | Deemed a non-threat by the Exiles lab entrance 2349 | -10/Mines | Identified exit to Exiles 2349 | -10/Mines | Discovered exit to Exiles (range 5) 2428 | -10/Mines | Received a Rocket Launcher from a helpful Derelict 2735 | -10/Mines | A weapon hastily lodged in a ceiling crevice suddenly fell to the ground 2984 | -10/Mines | Entered Exiles 2984 | -10/Exiles | Accompanied by 2 allies 3010 | -10/Exiles | Identified exit to Mines 3010 | -10/Exiles | Discovered exit to Mines (range 15) 3055 | -10/Exiles | Met 8R-AWN 3072 | -10/Exiles | Attacked by the Exiles 3104 | -10/Exiles | Core integrity fell below 50% 3126 | -10/Exiles | Core integrity fell below 20% 3129 | -10/Exiles | Destroyed by 8R-AWN with 8R-AWN's Boregun Last Messages --------------- 03107_ Critical hit (Destroy). 03107_ Imp. Treads destroyed. 03107_ HV Slug penetrates Machine. 03107_ Machine disabled. 03108_ Power failure, Ion Engine shutdown. 03108_ Targeting Computer broken. 03108_ Overheating: Short circuit. 03109_ Overheating: Lrg. Storage Unit damaged (-113). 03109_ Penetrated by HV Slug. 03111_ Ion Engine destroyed. 03114_ Penetrated by HV Slug. 03114_ Critical hit (Destroy). 03114_ Imp. Treads destroyed. 03116_ Penetrated by HV Slug. 03123_ Critical hit (Destroy). 03123_ Spread Laser destroyed. 03125_ Penetrated by HV Slug. 03126_ as-71063 destroyed. 03127_ Penetrated by HV Slug. Map ----- +----------------------------------------------------+ | ?????????????????????????????????????????????????? | | ?????????????????????????????????????????????????? | | ?????????????????????????????????????????????????? | | ?????????????????????????????????????????????????? | | ?????????????????????????????????????????????????? | | ?????????????????????????????????????????????????? | | ?????????????????????????????????????????????????? | | ?????????????????????????????????????????????????? | | ?????????????????????????????????????????????????? | | ?????????????????????????????????????????????????? | | ?????????????????????????????????????????????????? | | ?????????????????????????????????????????????????? | | ?????????????????????????????????????????????????? | | ?????????????????????????????????????????????????# | | ???????????????????????????????????????????????## | | ??????????????????????????????????????????????## | | ??????????????????????????????????????????????# > | | ??????????????????????????????????????????????# | | ??????????????????????????????????????????????# | | ?????????????????????????????????????????????## | | ????????????????????????????????????????????## | | ????????????????????????????##??????????????# | | ????????????????????????####;#??????????????# | | ???????????????????????## g#??????????????## | | ???????????????????????#"% %#?????????????## # | | ??????????????????????## @ %##????????????# # | | ????????????????????### %% ! ###????????### ## | | ????????????????????# %%! % ########## #? | | ????????????????????# % [%* #""""## ##? | | ???????????????????# a * ##? | | ??????????????? ## * #? | | ????????????? #?## ## | | ????????????? " ??#"" "#### # | | ???????????? # ""#??#######??#### * | | ???????????? #####???????????????##### | | ????????????? #????????????????????????### | | ????????????? #???????????????????????????### | | ??????????????"???????????????????????????????### | | ???????????????????????????????????????????????#" | | ???????????????????????????????????????????????### | | ?????????????????????????????????????????????????? | | ?????????????????????????????????????????????????? | | ?????????????????????????????????????????????????? | | ?????????????????????????????????????????????????? | | ?????????????????????????????????????????????????? | | ?????????????????????????????????????????????????? | | ?????????????????????????????????????????????????? | | ?????????????????????????????????????????????????? | | ?????????????????????????????????????????????????? | | ?????????????????????????????????????????????????? | +----------------------------------------------------+ Best States ------------- Heat Dissipation 25 Energy Generation 10 Energy Capacity 250 Matter Stores 300 Matter Capacity 300 Sight Range 16 Robot Scan Range 14 Terrain Scan Range 16 Terrain Scan Density 10 ECM Strength 1 Armor Coverage 150 Resistance: KI 35 Resistance: TH 35 Resistance: EX 35 Resistance: EM 35 Resistance: I 35 Resistance: S 35 Resistance: P 35 Evasion (%) 40 Targeting Accuracy 5 Recoil Reduction 2 Offensive Hacking 20 Item Schematics ----------------- None Robot Schematics ------------------ None Fabricated ------------ Nothing Repaired ---------- Nothing Alien Tech Used ----------------- None Achievements -------------- None Challenges ------------ None Game ------ Seed CryofiberUltimateBox Manual? 0 Play Time 00:21:16 Cumulative 64.0 hours Start 2025.05.26 @ 07:03:13 End 2025.05.26 @ 07:23:39 Sessions 1 Manual Loads 0 Difficulty Explorer Special Mode None Game No. 19 Rogue 0 Adventurer 12 Explorer 7 Win Type - Total 0 Types 0/0/0/0/0/0/0/0/0/0 Lore% 22 Gallery% 35 Achievement% 44 Wizard Run 0 Options --------- Layout 1 ASCII 0 Keyboard 0 Movement Mouse Keybinds 0 Fullscreen 1 Font 24/Smallcaps Map View 50x35 Zoom Use 0% Tactical HUD 1 Map Filters NONE Filters NONE Steam 1 RUN: f2e8954c-acd4-4e04-bb67-c2ae7add8f80